 Dungeon Crawl Stone Soup version 0.31.0-11-ge490571c62 (webtiles) character file.

Game seed: 11530348019751919384

56 browni3141 the Covered (level 3, 0/33 HPs)
             Began as a Minotaur Fighter on Jan 29, 2024.
             Slain by a ribbon worm (3 damage)
             ... on level 2 of the Dungeon.
             The game lasted 00:00:27 (953 turns).

browni3141 the Covered (Minotaur Fighter)            Turns: 953, Time: 00:00:28

Health: 0/33       AC:  7    Str: 22    XL:     3   Next: 69%
Magic:  2/2        EV:  9    Int:  5    God:
Gold:   9          SH:  4    Dex:  9    Spells: 2/2 levels left

rFire   . . .        a - +0 war axe
rCold   . . .        c - +0 buckler
rNeg    . . .        b - +0 scale mail
rPois   .            (helmet restricted)
rElec   .            (no cloak)
rCorr   .            (no gloves)
SInv    .            (no boots)
Will    .....        (no amulet) Stlth
                     f - ring of wizardry
HPRegen 0.25/turn    l - ring of flight
MPRegen 0.08/turn

%: wizardry (x1)
@: flying
A: horns 2, retaliatory headbutt
a: no special abilities


You were on level 2 of the Dungeon.
You visited 1 branch of the dungeon, and saw 2 of its levels.

You collected 9 gold pieces.

Inventory:

Hand Weapons
 a - a +0 war axe (weapon)
Missiles
 h - 5 boomerangs (quivered)
Armour
 b - a +0 scale mail (worn)
 c - a +0 buckler (worn)
Jewellery
 f - a ring of wizardry (left hand)
 l - a ring of flight (right hand)
Scrolls
 j - a scroll of fear {unknown}
 m - 2 scrolls of poison {unknown}
 n - a scroll of teleportation {unknown}
Potions
 d - a potion of might
 e - 2 potions of degeneration {unknown}
 g - a potion of brilliance {unknown}
 i - a potion of berserk rage {unknown}
 k - 2 potions of curing {unknown}


   Skills:
 + Level 4.1 Fighting
 * Level 3.6 Axes
 + Level 4.2 Armour
 + Level 4.1 Shields


You had 2 spell levels left.
You didn't know any spells.
Your spell library contained the following spells:

 Spells                   Type           Power      Damage    Failure   Level
 Apportation              Tloc           0%         N/A       52%         1
 Necrotise                Necr           0%         1d4       52%         1
 Sting                    Conj/Alch      0%         1d3       52%         1
 Summon Small Mammal      Summ           0%         N/A       52%         1
 Mercury Vapours          Alch/Air       0%         N/A       65%         2
 Hailstorm                Conj/Ice       0%         3d5       86%         3
 Mephitic Cloud           Conj/Alch/Air  0%         N/A       86%         3
 Summon Ice Beast         Ice/Summ       0%         N/A       86%         3
 Freezing Cloud           Conj/Ice/Air   0%         6-21      100%        5
 Sculpt Simulacrum        Ice/Alch       0%         N/A       100%        6


Dungeon Overview and Level Annotations

Branches:
Dungeon (2/15)

Altars:

Shops:
D:1 [

Annotations:
D:2 Terence


Innate Abilities, Weirdness & Mutations

You have a pair of horns on your head.
You reflexively headbutt those who attack you in melee.


Message History

You kill the goblin!
No target in view!
Items here: ))) [[ †.
No target in view!
HP restored.
A quokka comes into view.
A quokka is nearby!
A quokka is nearby!
A quokka is nearby!
You miss the quokka. The quokka bites you.
A quokka is nearby!
You hit the quokka. Your headbutt misses the quokka.
The quokka is heavily wounded.
You block the quokka's attack. The quokka barely misses you.
You barely miss the quokka. Your headbutt misses the quokka.
The quokka is heavily wounded.
The quokka completely misses you.
A quokka is nearby!
You closely miss the quokka.
The quokka is heavily wounded.
The quokka bites you but does no damage. x2
You slash the quokka!
You kill the quokka!
A hobgoblin comes into view.
The hobgoblin shouts!
The hobgoblin barely misses you.
A hobgoblin is nearby!
You hit the hobgoblin. Your headbutt misses the hobgoblin.
The hobgoblin is moderately wounded.
The hobgoblin completely misses you.
The hobgoblin hits you but does no damage.
A hobgoblin is nearby!
You hit the hobgoblin but do no damage. You headbutt the hobgoblin.
You kill the hobgoblin!
Found a stone staircase leading down.
No target in view!
There is a stone staircase leading down here.
Found a stone staircase leading down.
No target in view!
You now have 9 gold pieces (gained 4).
There is a stone staircase leading down here.
You see here a +0 spear.
A rat comes into view.
The rat squeaks loudly.
A rat is nearby!
A rat is nearby!
The rat bites you.
A rat is nearby!
You barely miss the rat. The rat closely misses you. You furiously retaliate!
You headbutt the rat!
You kill the rat!
m - 2 scrolls labelled HIUCRY UTHRE No target in view!
No target in view!
Found a stone staircase leading up.
n - a scroll labelled UFFAOV RIUZOSU No target in view!
No target in view!
A ball python comes into view.
The ball python hisses angrily.
A ball python is nearby!
A ball python is nearby!
A ball python is nearby!
You hit the ball python. You headbutt the ball python.
You kill the ball python!
No target in view!
Terence the Incautious comes into view.
He is wielding a +3 falchion.
Terence shouts!
A ribbon worm comes into view.
The ribbon worm expels a string of sticky webbing.
The stream of webbing hits you but does no damage.
You are caught in a web!
There is a web here.
You struggle to detach yourself from the web.
The ribbon worm expels a string of sticky webbing.
The stream of webbing hits you but does no damage.
You are even more entangled.
The web tears apart.
Terence hits you with a +3 falchion.
There are monsters nearby!
Terence hits you with a +3 falchion.
There are monsters nearby!
You barely miss Terence. You headbutt Terence.
Terence is moderately wounded.
Terence hits you but does no damage.
The ribbon worm expels a string of sticky webbing.
The stream of webbing hits you but does no damage.
You are caught in a web!
There are monsters nearby!
You struggle to detach yourself from the web.
Terence hits you with a +3 falchion!
There are monsters nearby!
You struggle to detach yourself from the web.
Terence hits you with a +3 falchion.
The web tears apart.
Terence closely misses you. You furiously retaliate!
You headbutt Terence! You hit Terence but do no damage.
Terence is severely wounded.
You hit the ribbon worm but do no damage.
Terence hits you with a +3 falchion! The ribbon worm bites you.
You die...

...................
##.........######
#..........#
#....####### #....#
#....# #....###
#......# #.@@.#.#
#≈w..#.# #~...# #
~~...# ≈~....#
#.≈##### #.≈ #~~


You could see Terence and a ribbon worm (catching breath).

Vanquished Creatures
  Robin (D:2)
  3 ball pythons
  An endoplasm (D:1)
  3 giant cockroaches (D:1)
  12 goblins
  4 hobgoblins
  3 jackals (D:1)
  A quokka (D:2)
  4 bats (D:1)
  3 frilled lizards (D:1)
  A kobold (D:1)
  4 rats
40 creatures vanquished.

Notes
Turn   | Place    | Note
-------+----------+-------------------------------------------
     0 | D:1      | browni3141 the Minotaur Fighter began the quest for the
                  | Orb.
     0 | D:1      | Reached XP level 1. HP: 19/19 MP: 0/0
   136 | D:1      | Reached XP level 2. HP: 27/27 MP: 1/1
   310 | D:1      | Found Xyisun's Armour Boutique.
   653 | D:2      | Noticed Robin
   658 | D:2      | Reached XP level 3. HP: 28/33 MP: 2/2
   663 | D:2      | Killed Robin
   943 | D:2      | Noticed Terence
   953 | D:2      | Slain by a ribbon worm

Illustrated notes

Levels and vault maps discovered:
D:1:      tarquinn_simple_flora_water_c, layout_loops_ring, serial_shops, shop,
          st_stairs_3, nrook_mini_backslash
D:2:      layout_basic, chequers_serial_rivers_small_a, minmay_crystal_room,
          uniq_terence, uniq_jessica, uniq_robin

Skill      XL: |  1  2 |
---------------+-------+-----
Axes           | 3 |  3.6
Fighting       | 4 |  4.1
Armour         | 4 |  4.2
Shields        | 4 |  4.1

Action                     || total
---------------------------++-------
  Melee: War axe           ||    72
         Headbutt          ||    10
 Armour: Scale mail        ||    75
  Dodge: Dodged            ||    47
  Block: Buckler           ||    17
